AoeStats
← Raghuram6I

Arabia

503789702Analyzed
1v1 RM · 1mo ago on Sep 2, 2026· 59m 36s· 2 players
Game mode
Random Map
Map size
Tiny (2 player)
Population
200
Speed
Normal
Resources
Standard
Victory
Conquest
Starting age
Dark Age
Ending age
Imperial Age
RankedLock teamsTeams togetherTeam positionsShared explorationLock speedFull tech treeHidden civsTurbo modeCheats
Victory
Defeat
🇮🇳 Franks · India
807
+17
🇪🇸 Inca · Spain
825
-17
Raghuram6I
10:06 Feudal Age
9:15 Loom
10:37 Double-Bit Axe
19:18 Castle Age
18:26 Forging
18:21 Scale Barding Armor
19:15 Fletching
19:27 Padded Archer Armor
19:27 Scale Mail Armor
20:10 Bow Saw
19:54 Gold Mining
20:46 Iron Casting
20:32 Gold Mining
22:32 Chain Barding Armor
23:01 Wheelbarrow
24:06 Fletching
25:01 Husbandry
27:19 Bodkin Arrow
29:33 Stone Mining
33:02 Hand Cart
39:22 Imperial Age
36:37 Town Watch
38:55 #83
41:07 Gold Shaft Mining
41:35 Blast Furnace
40:43 Cavalier
42:05 Chivalry
43:22 Conscription
43:45 Conscription
46:35 Hoardings
46:23 Murder Holes
46:48 Ballistics
47:29 Chemistry
47:33 Town Patrol
47:45 Fortified Wall
47:46 Masonry
49:32 Plate Barding Armor
50:28 Paladin
51:36 Scale Mail Armor
51:37 Padded Archer Armor
53:34 Light Cavalry
56:07 Elite Throwing Axeman
miguels64
8:27 Loom
11:49 Feudal Age
12:18 Double-Bit Axe
12:16 Horse Collar
16:06 Gold Mining
16:10 Stone Mining
18:55 Town Watch
19:55 Fletching
22:26 Scale Mail Armor
22:37 Forging
25:45 Castle Age
24:45 Padded Archer Armor
26:41 Bow Saw
26:25 Pikeman
28:05 Iron Casting
27:55 Squires
33:17 Bodkin Arrow
34:07 Heavy Plow
36:57 Gold Shaft Mining
36:59 Stone Shaft Mining
37:44 Town Patrol
38:20 Wheelbarrow
37:53 Elite Skirmisher
38:39 Thumb Ring
39:12 Redemption
40:02 Hand Cart
44:19 Imperial Age
42:21 Leather Archer Armor
42:22 Chain Mail Armor
43:35 Ballistics
43:12 Murder Holes
48:10 Theocracy
49:03 Chemistry
48:19 Halberdier
51:03 Bracer
51:35 Plate Mail Armor
51:40 Crop Rotation
53:28 Arson
55:15 Conscription
55:25 Siege Engineers
57:48 Elite Kamayuk
60:45 Blast Furnace
60:18 Ring Archer Armor
Connection lost

Rejoining the realm…

Still unreachable

The connection could not be restored.

Session expired

The server has moved on; the page needs a fresh start.